Cogmind - Beta 17.1 @@@ ROGUE MODE // 2026.09.03 @ 03:38:39 Player: lavinia Result: Self-destructed Performance ------------- Evolutions (1) 500 Regions Visited (2) 400 Robots Destroyed (14) 70 Value Destroyed (335) 335 Prototype IDs (0) 0 Alien Tech Used (0) 0 Bonus (0) 0 TOTAL SCORE: 1305 Bonus ------- None Cogmind --------- Core Integrity 146/400 Matter 37/300 Energy 24/100 System Corruption 0% Temperature Warning (324) Movement Rolling (175) Ox5 Location -9/Materials Parts ------- > --- POWER (1) -------- (None) > --- PROPULSION (4) --- Compact Wheel > --- UTILITY (2) ------ Huge Storage Unit > --- WEAPON (2) ------- Particle Cannon Particle Cannon > --- INVENTORY (25) --- Wheel Cooling System Cooling System Small Battery (100) Small Battery (100) Medium Matter Pod (0) Structural Scanner Improved Terrain Scanner Terrain Scan Processor Transport Network Coupler Grenade Launcher Grenade Launcher Peak State ------------ > --- POWER ------------ Ion Engine > --- PROPULSION ------- Compact Wheel Compact Wheel Compact Wheel Compact Wheel > --- UTILITY ---------- Huge Storage Unit Seismic Detector > --- WEAPON ----------- EM Shotgun Medium Laser > --- INVENTORY -------- Wheel Wheel Cooling System Cooling System Small Battery Small Battery Structural Scanner Improved Terrain Scanner Grenade Launcher Grenade Launcher [Rating: 11] Favorites ----------- Power Ion Engine Engine Ion Engine Propulsion Compact Wheel Wheel Compact Wheel Utility Seismic Detector Device Seismic Detector Storage Huge Storage Unit Weapon Grenade Launcher Energy Gun Medium Laser Energy Cannon Particle Cannon Ballistic Gun Assault Rifle Launcher Grenade Launcher Build | -11 -10 -9 ------- Run | Yrd Mat Mat Slots Evolved 2 | . . 2 Power . | . . . Propulsion 2 | . . 2 Utility . | . . . Weapon . | . . . Parts Attached 21 | 10 5 6 Power 2 | 2 . . Engine 2 | 2 . . Core . | . . . Reactor . | . . . Propulsion 6 | 2 2 2 Treads . | . . . Leg . | . . . Wheel 6 | 2 2 2 Hover . | . . . Flight . | . . . Utility 5 | 3 1 1 Device 2 | 2 . . Storage 3 | 1 1 1 Processor . | . . . Hackware . | . . . Protection . | . . . Artifact . | . . . Weapon 8 | 3 2 3 Energy Gun 2 | 1 . 1 Energy Cannon 2 | . . 2 Ballistic Gun 2 | 2 . . Ballistic Cannon . | . . . Launcher 2 | . 2 . Special Weapon . | . . . Impact Weapon . | . . . Slashing Weapon . | . . . Piercing Weapon . | . . . Special Melee Weapon . | . . . Unidentified Prototypes . | . . . Parts Lost 8 | . . 8 Power 1 | . . 1 Propulsion 4 | . . 4 Utility 1 | . . 1 Weapon 2 | . . 2 Highest Loss Streak 7 | . . 7 To Critical Strikes . | . . . Average Backups 7 | 1 5 9 Power . | . . . Propulsion 1 | . 3 1 Utility 3 | . . 6 Weapon 1 | . 1 1 Tool/Special . | . . . Unused Backups 8 | . . 8 Power . | . . . Propulsion . | . . . Utility 8 | . . 8 Weapon . | . . . Tool/Special . | . . . Average Slot Usage (%) 96 | . 100 94 Engine 11 | . 14 10 Wheel 36 | . 28 40 Device 12 | . 17 10 Storage 10 | . 10 11 Energy Gun 6 | . . 10 Ballistic Gun 2 | . 7 . Launcher 13 | . 20 9 Peak Build Rating 11 | 9 9 11 Average Rating 8 | 5 7 9 On Entrance 5 | . 9 7 Avg Prop Armor Cover (%) . | . . . Naked Turns . | . . . Heaviest Build 92 | 15 52 92 Greatest Support 64 | 20 32 64 Greatest Overweight (x) 5 | . 2 5 Average Overweight (x) . | . . 1 Largest Inventory Capacity 25 | 8 20 25 Average Capacity 20 | 7 17 24 Most Carried 12 | 2 8 12 Average Carried 7 | 1 5 9 Final Capacity 25 | 5 20 25 Final Carried 12 | 2 6 12 Class Distribution -------------------- 100% | Mutant Dominant Class ---------------- Mutant | -10/Materials Mutant | -9/Materials Resources | -11 -10 -9 ----------- Run | Yrd Mat Mat Matter Collected 366 | 246 . 120 Remotely . | . . . Salvage Created 353 | 88 36 229 Parts 22 | 5 5 12 Haulers Intercepted . | . . . Recyclers Shooed 1 | 1 . . Parts Field Recycled . | . . . Retrieved Matter . | . . . Parts Self-Destructed . | . . . Prevented . | . . . Parts Restored . | . . . Kills | -11 -10 -9 ------- Run | Yrd Mat Mat Combat Hostiles Destroyed 7 | . 2 5 Guns 2 | . . 2 AOE 5 | . 2 3 Classes Destroyed 7 | 2 2 3 Builder 3 | . 2 1 Tunneler 1 | 1 . . Recycler 1 | 1 . . Operator 1 | . . 1 Watcher 1 | . . 1 Grunt 6 | . 2 4 Sentry 1 | . . 1 Best Kill Streak 4 | 1 4 3 Combat Bots Only 2 | . 2 2 Max Kills in Single Turn 3 | 1 3 2 Gunslinging . | . . . Exploded 1 | . 1 1 Melee . | . . . Uniques/NPCs Destroyed . | . . . Combat | -11 -10 -9 -------- Run | Yrd Mat Mat Hostile Shots Fired 101 | . 3 98 Missed 32 | . 1 31 Hits 69 | . 2 67 Projectile 69 | . 2 67 Critical Strikes 2 | . . 2 Damage Taken 946 | . 27 919 Core 270 | . 16 254 Absorbed by Shields . | . . . Core Remaining (%) 96 | 100 93 . Volleys Fired 36 | 7 3 26 Largest 2 | 2 2 2 Hottest 136 | 70 60 136 Shots Fired 63 | 14 6 43 Gun 39 | 14 . 25 Cannon 8 | . . 8 Launcher 16 | . 6 10 Special . | . . . Kinetic 13 | 13 . . Thermal 26 | 1 . 25 Explosive 16 | . 6 10 Electromagnetic 8 | . . 8 Robot Hit Streak 16 | 5 5 16 Robot Miss Streak 4 | 4 . 3 Penetration Max . | . . . Secondary Targets . | . . . Shots Hit Robots 38 | 7 4 27 Core Hits 25 | 3 7 15 Critical Kills . | . . . Critical Parts Destroyed . | . . . Critical Strikes . | . . . Melee Attacks . | . . . Impact . | . . . Slashing . | . . . Piercing . | . . . Sneak Attacks . | . . . Combat Hostiles . | . . . Follow-up Attacks . | . . . Damage Inflicted 1113 | 87 389 637 Guns 349 | 87 . 262 Cannons 83 | . . 83 Explosions 681 | . 389 292 Melee . | . . . Ramming . | . . . Kinetic 74 | 74 . . Thermal 247 | 13 . 234 Explosive 681 | . 389 292 Electromagnetic 111 | . . 111 Impact . | . . . Slashing . | . . . Piercing . | . . . Highest Corruption 1 | . 1 . Average Corruption 1 | . 1 . Corruption Purged . | . . . Corruption Blocked . | . . . Effects 1 | . 1 . Message Errors 1 | . 1 . Overload Shots . | . . . Overflow Damage 2 | . 2 . Projectiles . | . . . Explosions 2 | . 2 . Melee . | . . . Knockbacks . | . . . Impact . | . . . Kinetic . | . . . Secondary . | . . . Self-Inflicted Damage 24 | . . 24 Shots 1 | . . 1 Rammed . | . . . Targets Rammed . | . . . Kicked . | . . . Crushed . | . . . Highest Temperature 315 | 9 15 315 Average Temperature 84 | 6 12 96 Received Heat Transfer 438 | . 15 423 Siege Activations . | . . . Martial Activations . | . . . Shielding Activations . | . . . Robots Disrupted . | . . . Combat Hostiles . | . . . Robots Corrupted . | . . . Combat Hostiles . | . . . Parts Fried 2 | . . 2 Impact Corruptions . | . . . Robots Melted . | . . . Combat Hostiles . | . . . Parts Melted 1 | . . 1 Heat Transferred 629 | 37 . 592 Parts Sabotaged . | . . . Parts Stolen . | . . . Parts Stripped . | . . . Power Chain Reactions . | . . . Alert | -11 -10 -9 ------- Run | Yrd Mat Mat Maximum Alert Level . | . . . Low Security (%) 100 | 100 100 100 Level 1 . | . . . Level 2 . | . . . Level 3 . | . . . Level 4 . | . . . Level 5 . | . . . High Security . | . . . Max Security . | . . . Peak Influence 102 | 5 65 102 Initial 18 | . 3 18 Average 24 | . 21 31 Influence Increases 334 | 10 78 246 Destroy 0b10 Robot/C 140 | . 40 100 Destroy 0b10 Robot/NC 35 | 10 10 15 Destroy Leader 42 | . 10 32 Successful Hack 27 | . 13 14 Destroy Structure 60 | . 5 55 Lose Combat Pursuer 30 | . . 30 Influence Decreases 309 | 5 39 265 Entered New Map 28 | . 2 26 Time Decay 201 | 5 37 159 Lost Part 80 | . . 80 Squads Dispatched 1 | . . 1 Investigation 1 | . . 1 Extermination . | . . . Reinforcement . | . . . Assault . | . . . Garrison . | . . . Intercept . | . . . Searches Triggered . | . . . Construction Impeded . | . . . Haulers Reinforced . | . . . Active Scanning Responses . | . . . Cargo Convoy Interrupts . | . . . Stealth | -11 -10 -9 --------- Run | Yrd Mat Mat Distress Signals 1 | . . 1 Communications Jammed . | . . . Distress Signals . | . . . Times Spotted 18 | . 3 15 Peak Tracking Total 8 | . 3 8 Tactical Retreats 2 | . . 2 Traps | -11 -10 -9 ------- Run | Yrd Mat Mat Traps Triggered . | . . . Indirectly . | . . . Trap Hack Attempts . | . . . Triggered . | . . . Disarmed . | . . . Reprogrammed . | . . . Reused . | . . . Traps Extracted . | . . . Installed . | . . . Triggered . | . . . Machines | -11 -10 -9 ---------- Run | Yrd Mat Mat Machines Disabled . | . . . Max in Single Turn . | . . . Machines Repaired . | . . . Machines Dismantled . | . . . Machines Sabotaged . | . . . Overloaded Fab Kills . | . . . Hacking | -11 -10 -9 --------- Run | Yrd Mat Mat Machines Accessed 5 | . 3 2 Terminals 5 | . 3 2 Fabricators . | . . . Repair Stations . | . . . Recycling Units . | . . . Scanalyzers . | . . . Garrison Access . | . . . Total Hacks 17 | . 10 7 Successful 5 | . 3 2 Failed 12 | . 7 5 Catastrophic 6 | . 4 2 Database Lockouts . | . . . Manual 14 | . 9 5 Terminals 17 | . 10 7 Fabricators . | . . . Repair Stations . | . . . Recycling Units . | . . . Scanalyzers . | . . . Garrison Access . | . . . Terminal Hacks 5 | . 3 2 Level Access Points 1 | . 1 . Terminal Index 3 | . 1 2 Locate Traps 1 | . 1 . Fabricator Hacks . | . . . Repair Station Hacks . | . . . Recycling Unit Hacks . | . . . Scanalyzer . | . . . Garrison Access Hacks . | . . . Unauthorized Hacks . | . . . Terminals . | . . . Fabricators . | . . . Repair Stations . | . . . Recycling Units . | . . . Scanalyzers . | . . . Garrison Access . | . . . Data Cores Recovered 1 | . . 1 Used 1 | . . 1 Hacking Detections 5 | . 3 2 Full Trace Events 5 | . 3 2 Feedback Events 1 | . 1 . Corruption 1 | . 1 . Feedback Blocked . | . . . Robot Schematics Acquired . | . . . Robots Built . | . . . Authchips . | . . . Time . | . . . Total Robot Build Rating . | . . . Part Schematics Acquired . | . . . Parts Built . | . . . Authchips . | . . . Time . | . . . Total Part Build Rating . | . . . Part Studies Acquired . | . . . Parts Repaired . | . . . Time . | . . . Parts Recycled . | . . . Recycled Matter . | . . . Retrieved Matter . | . . . Retrieved Components . | . . . Parts Scanalyzed . | . . . Part Schematics Acquired . | . . . Parts Damaged . | . . . Bothacking | -11 -10 -9 ------------ Run | Yrd Mat Mat Used RIF Installer . | . . . Robots Hacked . | . . . Non-combat . | . . . Combat . | . . . Robot Hacks Applied . | . . . Relay Couplers Released . | . . . Fabnet Peak Effective % . | . . . Robots Rewired . | . . . Allies Hacked . | . . . Hacks Repelled . | . . . Allies | -11 -10 -9 -------- Run | Yrd Mat Mat Total Allies . | . . . Largest Group . | . . . Highest-Rated Group . | . . . Highest-Rated Ally . | . . . Total Orders . | . . . Ally Attacks . | . . . Total Damage . | . . . Kills . | . . . Allies Corrupted . | . . . Allies Melted . | . . . Intel | -11 -10 -9 ------- Run | Yrd Mat Mat Active Infowar (turns) 492 | 7 163 322 Terrain 34 | 7 27 . Seismic 489 | 4 163 322 Robot Analysis Total . | . . . Derelict Logs Recovered . | . . . Drone Launches . | . . . Drone Recoveries . | . . . Exploration | -11 -10 -9 ------------- Run | Yrd Mat Mat Turns Passed 592 | 76 163 353 Spaces Moved 407 | 47 134 226 Core 1 | 1 . . Treads . | . . . Legs . | . . . Wheels 406 | 46 134 226 Hover . | . . . Flight . | . . . Fastest Speed 50 | 50 80 100 Average Speed 107 | 79 106 114 Slowest Speed 175 | 80 115 175 Overloaded Moves . | . . . Propulsion Burnouts . | . . . Robots Hopped . | . . . Potential Cave-ins . | . . . Cave-ins Triggered . | . . . Exploration Rate (%) 20 | 3 34 25 Regions Visited 2 Branch Regions . Pre-discovered Areas . | . . . Known Exits Taken 1 | . 1 . Unknown Exits Taken 1 | 1 . . Scrap Searched . | . . . Spaces Dug . | . . . Terrain Destroyed 87 | . 7 80 Melee . | . . . Projectile . | . . . AOE 87 | . 7 80 Terrain Rammed . | . . . Walls Destroyed . | . . . Machines Disabled . | . . . Actions | -11 -10 -9 --------- Run | Yrd Mat Mat Total 492 | 67 150 275 Wait . | . . . Move 405 | 46 133 226 Hop . | . . . Pick Up 13 | 1 4 8 Fast Attach 15 | 10 2 3 Attach 7 | . 3 4 Detach 6 | 1 3 2 Swap 5 | . . 5 Drop 5 | 2 2 1 Fire 36 | 7 3 26 Melee . | . . . Ram . | . . . Kick . | . . . Crush . | . . . Escape Stasis . | . . . Rewire . | . . . Trap . | . . . Miscellaneous . | . . . Route ------- -11/Scrapyard -10/Materials (discovered 3 exits: *Mat x3) -9/Materials History --------- Turn | Location | Event 33 | -11/Scrapyard | Discovered new exit (range 13) 77 | -11/Scrapyard | Entered Materials 198 | -10/Materials | Identified exit to Materials 240 | -10/Materials | Entered another Materials area 240 | -9/Materials | Evolved 2 slots: Propulsion x2 307 | -9/Materials | Build established: Mutant 588 | -9/Materials | Core integrity fell below 50% 593 | -9/Materials | Self-destructed Last Messages --------------- 00521_ K-01 Serf collects debris. 00547_ Critical hit (Burn: +37). 00553_ W-16 Scout sends out distress signal. 00555_ EM Shotgun destroyed. 00555_ W-16 Scout destroyed. 00555_ R-06 Scavenger collects Visual Processing Unit. 00558_ Com. Wheel destroyed. 00558_ R-06 Scavenger collects Hover Unit. 00562_ Seismic Detector destroyed. 00562_ R-06 Scavenger collects Hover Unit. 00563_ Wheel destroyed. 00563_ Critical hit (Burn: +37). 00567_ Ion Engine destroyed. 00569_ G-34 Mercenary destroyed. 00570_ Med. Laser destroyed. 00575_ Com. Wheel destroyed. 00576_ Acquired Particle Cannon. 00581_ Y-45 Defender suffers critical hit (Burn). Map ----- +----------------------------------------------------+ | ???????????????????????????????????????????? | | ???????????????????????????????????????????? | | ???????????????????????????????????????????? | | ???????????????????????????????????????????? | | ???????????????????????????????????????????? | | ???????????????????????????????????????????? | | ???????????????????????????????????????????? | | ???????????????????????????????????????????? | | ???????????????????????????????????????????? | | ???????????????????????????????????????????? | | ???????????????????????????????????????????? | | ???????????????????????????????????????????? | | ???????????????????????????????????????????? | | ???????????????????????????????????????????? | | ????????#Y?????????????????????????????????? | | ???????? ????????????????????????????????? | | ????????? ####+#######???????????????????? | | ?????????? # #???????????????????? | | ??????????? ; #???????????????????? | | ????????????# """ #???????????????????? | | ????????????# R" #???????????????????? | | ????????????# """ #???#+#?###?????????? | | ????????????#a #???# #? ?????????? | | ?????######## #???# ## "?? ?????? | | ?????# g==] % #???# ## """ ?#??? | | ?????# % ==@ ##### ## """ #??? | | ?????# Y] g YYg ## #???? | | ?????# #####+############# ## "S #???? | | ???????????????????????????# ## """ ?????? | | ???????????????????????????# ## "" ???????? | | ???????????????????????????# ## ?????????? | | ???????????????????????????# ##+#??????????? | | ???????????????????????????# #??????????? | | ???????????????????????????# #??????????? | | ???????????????????????????# #??????????? | | ???????????????????????????# ######?????? | | ???????????????????????????# # ????? | | ???????????????????????????# # """ ##### | | ???????????????????????????# # """ + | | ???????????????????????????# # """ # | | ???????????????????????????# # # | | ????????????????? ?????????# # # | | ????????????????# ???????# ######## | | ??????????????? ###### #???## # | | ??????????????? #?### # | | ?????????????????? ### #?# # | | ????????????????????????# ####### | | ????????????????????????# *! [ | | ????????????????????????#######+##### = # | | ??????????????????????????# | +----------------------------------------------------+ Best States ------------- Heat Dissipation 28 Energy Generation 10 Energy Capacity 250 Matter Stores 224 Matter Capacity 300 Sight Range 16 Terrain Scan Range 16 Terrain Scan Density 10 Evasion (%) 44 Item Schematics ----------------- None Robot Schematics ------------------ None Fabricated ------------ Nothing Repaired ---------- Nothing Studied --------- None Alien Tech Used ----------------- None Achievements -------------- None Challenges ------------ None Game ------ Seed VoltaicMultireflexSuite Manual? 0 Play Time 00:11:19 Cumulative 16.9 hours Start 2026.09.03 @ 03:29:19 End 2026.09.03 @ 03:38:39 Sessions 1 Manual Loads 0 Difficulty Rogue Special Mode None Game No. 36 Rogue 36 Adventurer 0 Explorer 0 Win Type - Total 0 Types 0/0/0/0/0/0/0/0/0/0 Lore% 12 Gallery% 10 Achievement% 11 Wizard Run 0 Options --------- Layout 1 ASCII 0 Keyboard 0 Movement Mouse Keybinds 0 Fullscreen 1 Font 24/Smallcaps Map View 50x35 Zoom Use 0% Tactical HUD 1 Map Filters NONE Filters NONE Steam 1 RUN: 7b216bb7-7667-4257-95c5-9d1af4ffd0d2